[Event "10th Cherry Blossom Classic 2023"]
[Site "Dulles"]
[Date "2023.05.27"]
[Round "4.8"]
[White "Stearman, Josiah"]
[Black "Girsh, Daniel"]
[Result "1-0"]
[ECO "B90"]
[WhiteElo "2385"]
[BlackElo "2123"]
[Annotator "TA"]
[PlyCount "131"]
[EventDate "2023.05.24"]
[EventType "swiss"]
[EventCountry "USA"]
[SourceTitle "playchess.com"]
[Source "ChessBase"]
[SourceQuality "1"]
[TimeControl "5400+30"]

1. e4 c5 2. Nf3 d6 3. d4 cxd4 4. Nxd4 Nf6 5. Nc3 a6 6. Bd3 e5 7. Nde2 Be7 8. O-O Be6 {[%emt 0:00:24] B90: Sicilian Najdorf: Unusual White 6th moves, 6 Be3 Ng4 and 6 Be3 e5.} 9. f4 {[%emt 0:00:07] 9.f4 is better than 9.Ng3.} exf4 10. Nxf4 Nc6 {[%emt 0:00:06] The position is equal.} 11. Be3 Ne5 12. Bd4 {[%emt 0:02:28] [#]} O-O $146 ({Predecessor:} 12... Rc8 13. Kh1 O-O 14. a4 Nfd7 15. Ncd5 Bg5 16. c3 Bxf4 17. Nxf4 Nc5 18. Nxe6 Nxe6 {½-½ Mannion,S (2271)-Hrabusa,M (2364) Prague op-A 20th 2022 (6)}) 13. Ncd5 Rc8 14. Kh1 (14. Bxe5 {simplifies} dxe5 15. Nxe6 fxe6 16. Nxf6+ Bxf6 17. Kh1) 14... Re8 15. a4 (15. Nxe6 $14 fxe6 16. Bxe5 dxe5 17. Nxf6+ Bxf6 18. Qe2) 15... Nxd5 16. Nxd5 Bg5 17. Ra3 Nxd3 18. Rxd3 Bxd5 19. exd5 Qe7 20. Rg3 g6 21. Bc3 f6 22. Rgf3 Qe2 23. Qd4 Qc4 (23... Qxc2 $2 24. Rxf6 Rxc3 25. Rf7 $18 (25. bxc3 Bxf6 26. Qxf6 Qe2 $14)) 24. Qb6 (24. Qxc4 {simplifies} Rxc4 25. b3 Rc5 26. Bxf6 Bxf6 27. Rxf6 Rxd5 28. g3) 24... Qxd5 25. Rd3 Qc6 26. Qb3+ d5 27. Rxd5 Qc4 {[%emt 0:00:11][%cal Rc4f1] [#] Prevents Rc5.} 28. Rd7 b5 29. axb5 (29. Bxf6 $2 Bxf6 30. Qxc4+ bxc4 $19) 29... axb5 30. Qxc4+ Rxc4 31. Rb7 b4 32. Bxb4 Rxc2 33. Bc3 Ree2 34. Rd1 {[%emt 0:00:33] White wants to mate with Rd8+.} Rc1 (34... Rxg2 $2 35. Rd8#) 35. Rxc1 Bxc1 $11 {[%emt 0:00:06][%mdl 4096] Endgame KRB-KRB} 36. g3 f5 37. b4 f4 38. gxf4 Bxf4 39. Rg7+ Kf8 40. Rxh7 Rc2 41. Bd4 Rc1+ 42. Kg2 Rc2+ 43. Kf3 Rxh2 44. Bc5+ Kg8 45. Rd7 g5 46. b5 {[%emt 0:00:34] Strongly threatening b6.} Rc2 $1 47. Bd4 {[%emt 0:00:27] Threatens to win with b6.} Kf8 (47... Rc7 $5 48. Rd5 Kf7 $14) 48. b6 {[%emt 0:00:33] aiming for b7.} Ke8 49. Rh7 Rh2 50. Rg7 Kd8 $2 {[%emt 0:01:18][%mdl 8192] Black cannot hold the game after this.} (50... Rd2 $14 51. Ke4 Re2+ 52. Kd5 Re7) 51. b7 $18 {[%emt 0:00:41] Intending Bf6+ and mate.} Rh3+ $2 (51... Ke8 $18 52. Bf6 Bd6 53. Re7+ (53. Rxg5 Rh7 $14) (53. Bxg5 Rb2 $16) 53... Kd8) 52. Ke4 {[%emt 0:00:12] White mates.} Rb3 53. Kd5 Rd3 54. Kc4 Rd1 55. Bb6+ Ke8 56. Bc7 Rc1+ 57. Kd5 Bxc7 {[%emt 0:00:55] [#]} 58. Rxc7 $1 {[%emt 0:00:04][%mdl 576] Remove Defender, Promotion} Rxc7 59. b8=Q+ {[%emt 0:00:04] KQ-KR} (59. b8=B Re7 60. Kd4 Kf7 $19) 59... Kd7 60. Qb5+ Ke7 61. Qb4+ Ke8 62. Kd6 Re7 63. Qg4 Rg7 64. Qf5 g4 65. Qf6 Rf7 66. Qh8+ {[%emt 0:00:24] Weighted Error Value: White=0.06 (flawless) /Black=0.26 (precise)} (66. Qe5+ $142 Kd8 67. Qh8+ Rf8 68. Qxf8#) 1-0

[Event "10th Cherry Blossom Classic 2023"]
[Site "Dulles"]
[Date "2023.05.27"]
[Round "4.9"]
[White "Kiewra, Keaton"]
[Black "Ouellet, Maili-Jade"]
[Result "0-1"]
[ECO "B90"]
[WhiteElo "2352"]
[BlackElo "2246"]
[Annotator "TA"]
[PlyCount "134"]
[EventDate "2023.05.24"]
[EventType "swiss"]
[EventCountry "USA"]
[SourceTitle "playchess.com"]
[Source "ChessBase"]
[SourceQuality "1"]
[TimeControl "5400+30"]

1. e4 c5 2. Nf3 d6 3. d4 cxd4 4. Nxd4 Nf6 5. Nc3 a6 6. h3 e5 7. Nb3 Be7 $1 {[%emt 0:00:52][%mdl 4] now scores much better than the old 7...Be6. B90: Sicilian Najdorf: Unusual White 6th moves, 6 Be3 Ng4 and 6 Be3 e5.} 8. Bg5 Be6 9. Bxf6 Bxf6 {[%emt 0:00:10] The position is equal.} 10. Nd5 {[%emt 0:01:00] [#]} Nd7 $146 ({Predecessor:} 10... Bg5 11. Bd3 Nc6 12. c4 Rc8 13. O-O O-O 14. f4 exf4 15. Nxf4 Bxf4 16. Rxf4 Qg5 {0-1 Koll,L (1620)-Traetmar,M (1888) GER Pfingstopen U25 blitz 2020 (9)}) 11. Bc4 Rc8 12. Qd3 O-O (12... Bg5 $5 13. a4 Nb6 14. Nxb6 Qxb6 15. Bxe6 fxe6 $15) 13. Ne3 Bg5 {[%emt 0:15:04] Threatens to win with ...Bxe3.} 14. Bxe6 $1 fxe6 15. O-O Bxe3 16. fxe3 Nf6 17. c4 b6 18. Rad1 Rc6 19. Nd2 a5 20. Nb1 Qe8 21. Nc3 Qg6 22. Rf3 Nd7 23. Qf1 Rxf3 24. Qxf3 Nf6 25. b3 Kf7 26. Qe2 Ke7 27. Qd3 Nd7 28. a3 Nc5 29. Qc2 Qg3 30. b4 (30. Qe2 $11 {remains equal.}) 30... Qxe3+ $17 31. Kh1 Nd7 32. c5 axb4 (32... bxc5 33. Qb3 Qf2 34. Qa4 $17) (32... dxc5 33. bxa5 bxa5 34. Qb3 $17) 33. cxd6+ $2 (33. axb4 $17 {was the crucial defense.} bxc5 34. Qa4) 33... Ke8 $19 (33... Rxd6 34. Rxd6 Kxd6 35. axb4 $17) 34. Qa2 b3 (34... bxc3 $2 35. Qxe6+ Kf8 36. Qxd7 $18) (34... Nf8 35. Nd5 b3 36. Qb2 $15 (36. Nxe3 $2 bxa2 37. Ra1 Rc3 $19)) 35. Qxb3 Nf8 36. Rf1 Qxc3 (36... Rxc3 37. Qa4+ Nd7 38. Qa8+) 37. Qd1 Ng6 (37... Qxa3 38. Rxf8+ Kxf8 39. d7 $17) 38. Qa4 Qc4 39. d7+ Kxd7 40. Rf7+ Kd6 41. Qa7 Qxe4 42. Qd7+ Kc5 {[%emt 0:00:06] Hoping for ...Qd4.} 43. Rf1 Qc2 {[%emt 0:01:44] Wards off Rc1} 44. Qxg7 h5 45. Qf6 Rd6 {[%emt 0:00:38] ...Rd1 would be deadly.} 46. Rf2 Qb1+ 47. Kh2 h4 {[%emt 0:02:35] ( -> ...Rd1)} 48. Rf1 Qc2 {[%emt 0:00:21] And now ...Rd2 would win.} 49. Rf2 Qe4 50. Qf7 Nf4 51. Qc7+ Rc6 52. Qe7+ Kd5 $2 ({Black should play} 52... Kb5 $19 53. Rb2+ Ka6 54. Qxh4 Rc3) 53. Qd7+ {[%emt 0:00:39] [#]} (53. Rd2+ $11 Nd3 54. Qd7+ Kc4 55. Rxd3) 53... Kc5 $2 (53... Kc4 $1 $17 54. Rb2 Qd5 55. Rc2+ Kd3 56. Qxc6 Ne2) 54. Qe7+ Kd5 $2 ({Better is} 54... Kb5 $19 55. Rb2+ Ka6) 55. Qd7+ $2 {[%emt 0:00:43][%mdl 8192] [#]} (55. Rd2+ $11 Nd3 56. Qd7+ Kc4 57. Rc2+ Kb3 58. Qxc6 (58. Rxc6 $2 {perishes.} Qf4+ 59. Kg1 Qf2+ 60. Kh2 Qg3+ 61. Kg1 Qe1+ 62. Kh2 Nf2 $19) 58... Qf4+ 59. Kh1 Qf1+ 60. Kh2 Qf4+ 61. Kh1 Qf1+ 62. Kh2 Qf4+) 55... Kc4 $1 {[%emt 0:00:04] aiming for ...Kb5.} 56. Rb2 Kc5 {[%emt 0:00:42] White must now prevent ...Nd5.} 57. Qe7+ Rd6 ({Inferior is} 57... Kd5 58. Rd2+ Nd3 59. Qd7+ Kc4 60. Rxd3 $11) 58. Qc7+ Rc6 59. Qe7+ Kd4 {[%emt 0:00:36] Strongly threatening ...Nd3.} ({Not} 59... Kd5 60. Rd2+ Nd3 61. Qd7+ Kc4 62. Rxd3 $11) 60. Qxh4 $2 (60. Qb4+ Kd5 61. Rd2+ Nd3 62. Qb5+ Kd4 63. Rxd3+ Qxd3 64. Qxc6) 60... Nd3 61. Qd8+ Kc3 62. Rb1 Qf4+ 63. Kh1 Kc2 64. Ra1 Kb2 {[%emt 0:00:45] Black mates.} 65. Qd7 Rc5 66. Rb1+ Kxb1 67. Qxd3+ Ka1 {[%emt 0:00:11] Weighted Error Value: White=0.39/Black=0.05 (flawless)} 0-1

[Event "10th Cherry Blossom Classic 2023"]
[Site "Dulles"]
[Date "2023.05.27"]
[Round "4.10"]
[White "Roselli Mailhe, Bernardo"]
[Black "Morefield, Jason"]
[Result "0-1"]
[ECO "D45"]
[WhiteElo "2380"]
[BlackElo "2167"]
[Annotator "TA"]
[PlyCount "62"]
[EventDate "2023.05.24"]
[EventType "swiss"]
[EventCountry "USA"]
[SourceTitle "playchess.com"]
[Source "ChessBase"]
[SourceQuality "1"]
[TimeControl "5400+30"]

1. d4 Nf6 2. c4 e6 3. Nf3 d5 4. Nc3 c6 5. e3 Nbd7 6. Qc2 b6 7. cxd5 cxd5 8. Nb5 {[%emt 0:03:49] D45: Semi-Slav: 5 e3.} Bb4+ 9. Bd2 Bxd2+ 10. Nxd2 {[%emt 0:00:59] [#] Black must now prevent Nc7+. The position is equal.} O-O 11. Be2 Bb7 12. O-O {[%emt 0:01:36] [#]} Qb8 $146 ({Predecessor:} 12... a6 13. Nc3 Qe7 14. f4 Rac8 15. Bd3 b5 16. a3 Nb6 17. Nb3 Na4 18. Qd2 Nxc3 19. bxc3 {½-½ Atakhan,A (2410)-Schekachikhin,M (2376) Ayvalik Akasya 2023 (7)}) 13. a4 a6 14. Nc3 Qd6 15. Qb3 Rac8 16. Qa3 Qxa3 17. Rxa3 Rc7 18. Rd1 Rfc8 19. f3 Ne8 20. Kf2 Nd6 21. e4 dxe4 22. Ndxe4 Bxe4 23. fxe4 Nc4 24. Rb3 Kf8 (24... Nxb2 $5 25. Rxb2 Rxc3 $11) 25. Na2 a5 26. Kf3 Ke7 (26... e5 $5) 27. Rc3 (27. Kf2 $11) 27... e5 {[%emt 0:05:37] Black is more active.} (27... Nxb2 $17 28. Rdc1 Rxc3+ 29. Rxc3 Rxc3+ 30. Nxc3 e5) 28. Rdc1 {[%emt 0:08:31][%mdl 8192] White does not recover from this.} (28. Rb3 $11 {and White has nothing to worry.}) 28... exd4 $19 {[%emt 0:01:17] Black is clearly winning.} ({Worse is} 28... Nd2+ 29. Kg4 h5+ 30. Kh3 Rxc3+ 31. Nxc3 $17) 29. Rxc4 Ne5+ 30. Kf4 (30. Kg3 $142 Nxc4 31. Bg4) 30... Nxc4 31. Bg4 {[%emt 0:00:04] [#]} Nxb2 $1 {[%emt 0:00:52][%mdl 64] Discovered Attack.   Weighted Error Value: White=0.57/Black=0.10 (very precise)} 0-1

[Event "10th Cherry Blossom Classic 2023"]
[Site "Dulles"]
[Date "2023.05.27"]
[Round "4.11"]
[White "Prabhu, Naveen"]
[Black "Muzychuk, Anna"]
[Result "0-1"]
[ECO "C54"]
[WhiteElo "2138"]
[BlackElo "2504"]
[Annotator "TA"]
[PlyCount "50"]
[EventDate "2023.05.24"]
[EventType "swiss"]
[EventCountry "USA"]
[SourceTitle "playchess.com"]
[Source "ChessBase"]
[SourceQuality "1"]
[TimeControl "5400+30"]

1. e4 e5 2. Nf3 Nc6 3. Bc4 Bc5 4. c3 Nf6 5. d3 d6 ({But not} 5... d5 6. exd5 Nxd5 7. Qb3 $14) 6. a4 {[%emt 1:32:52] Black must now prevent b4. C54: Giuoco Piano: 4 c3 Nf6, main lines with 5 d4 and 5 d3.} a5 7. Bg5 h6 8. Bh4 {[%emt 0:00:00] The position is equal.} g5 9. Bg3 {[%emt 0:00:00] [#]} Ne7 $146 ({Predecessor:} 9... O-O 10. h4 g4 11. Nh2 Kg7 12. Nd2 Qe7 13. Qe2 Rg8 14. Nhf1 Nh5 15. Ne3 Bxe3 16. Qxe3 {0-1 Naiditsch,A (2660)-Eljanov,P (2691) ESP-chT CECLUB Honor 2021 (7.1)}) 10. O-O Bb6 11. Nbd2 Ng6 12. d4 Qe7 (12... Nd7 $11) 13. Bb3 c6 14. Nc4 Bc7 15. Re1 h5 $1 {[%emt 0:06:52] Strongly threatening ...h4.} 16. h4 (16. h3 $11 {is more appropriate.}) 16... Nh7 $1 $15 17. hxg5 Nxg5 18. dxe5 dxe5 {[%emt 0:01:06] [#] Hoping for ...Bg4.} 19. Nxg5 ({Only move:} 19. Ne3 $1 $15) 19... Qxg5 $17 20. Nd6+ $2 {[%emt 0:00:00][%mdl 8192] Now White is beyond hope.} (20. Qf3 $17 Be6 21. Qe3 Qxe3 22. fxe3 (22. Rxe3 O-O-O $17)) 20... Bxd6 $19 21. Qxd6 h4 22. Qc7 Rh7 (22... hxg3 {gets mated.} 23. Qxf7+ Kd8 24. Red1+) 23. Bh2 (23. Rad1 $142 hxg3 24. fxg3) 23... Bh3 {[%emt 0:00:27][%csl Gh3][%cal Rg5g2] [#]} 24. g3 hxg3 25. fxg3 Qd2 {[%emt 0:00:37] Weighted Error Value: White=0.83/Black=0.06 (flawless)} 0-1

[Event "10th Cherry Blossom Classic 2023"]
[Site "Dulles"]
[Date "2023.05.27"]
[Round "4.12"]
[White "Kanli, Alperen"]
[Black "Plotkin, Mark"]
[Result "0-1"]
[ECO "A68"]
[WhiteElo "2111"]
[BlackElo "2341"]
[Annotator "TA"]
[PlyCount "162"]
[EventDate "2023.05.24"]
[EventType "swiss"]
[EventCountry "USA"]
[SourceTitle "playchess.com"]
[Source "ChessBase"]
[SourceQuality "1"]
[TimeControl "5400+30"]

1. d4 g6 2. c4 Bg7 3. Nc3 d6 4. e4 Nf6 5. f4 O-O 6. Nf3 c5 7. d5 e6 8. Be2 exd5 9. cxd5 b5 10. e5 dxe5 11. fxe5 Ng4 12. Bf4 (12. Bg5 $11 Qb6 13. O-O (13. Nxb5 Nxe5 14. Nxe5 Bxe5 $17)) 12... Nd7 {[%emt 0:05:19][%cal Rg4e5] A68: Modern Benoni: Four Pawns Attack without 9...Re8.} (12... b4 $5 13. Ne4 Nd7 $11) 13. Nxb5 (13. e6 $5 Nb6 14. O-O $11) 13... Ndxe5 {[%emt 0:01:21] [#]} 14. Nxe5 $146 ({Predecessor:} 14. O-O Qb6 15. a4 c4+ 16. Kh1 Nxf3 17. Bxf3 Nf2+ 18. Rxf2 Qxf2 19. Bg3 Qxb2 20. Rb1 {0-1 Kreiling,C (2070)-Heinelt,M (2204) Hessenliga 0102 2001 (8.6)}) 14... Nxe5 {[%emt 0:00:16] Black is slightly better.} 15. O-O Qb6 {[%emt 0:04:35] White must now prevent ...c4+.} 16. Be3 Bd7 17. a4 a6 18. a5 Qb8 19. Na3 (19. Nc3 $1 $15) 19... Qxb2 $17 20. Bxc5 Rfc8 $36 {[%emt 0:00:47][%mdl 2048] Black is in control.} 21. Bb6 {[%emt 0:08:10] [#]} Bf5 $1 {[%emt 0:05:22] Black is much more active.} 22. d6 Qb4 {[%emt 0:09:13] ...Nd7 is the strong threat.} 23. Nb1 (23. Nc4 $17 Nxc4 24. Ra4) 23... Nd7 $19 24. Ra4 Qb2 25. Qd2 (25. Na3 $17) 25... Rc2 {[%emt 0:04:27][%mdl 64] Skewer} (25... Bxb1 26. Qxb2 Bxb2 27. Rxb1 $14) 26. Qd5 Rac8 27. Bxa6 Nxb6 28. axb6 Qxb6+ 29. Kh1 R8c5 30. Qa8+ Bf8 {[%emt 0:00:02] Hoping for ...Bd7. This pair of bishops is nice.} 31. Rd4 (31. Na3 $2 Rc1 32. Qf3 R5c3 $19) 31... Bd7 ({Better is} 31... Rf2 $19 32. Rdd1 Rxf1+ 33. Bxf1 Rc6) 32. Qb7 $17 Qxb7 33. Bxb7 Rc1 34. Rdd1 Rxd1 35. Rxd1 {[%emt 0:00:06] [#]} Bxd6 $1 {[%emt 0:00:17][%mdl 576] Deflection, Back Rank} 36. g3 (36. Nd2 Ba4) 36... Rb5 ({Black should play} 36... Bh3 $1 37. Nd2 Be7) 37. Be4 (37. Bf3 $142) 37... Rb6 38. Nc3 Bg4 39. Nd5 Bxd1 40. Nxb6 {[%emt 0:00:04][%mdl 4096] Endgame KBB-KBN} Kg7 41. Kg2 h5 42. Nd5 Bg4 43. Ne3 Be6 44. Bd5 Bd7 45. Kf3 Bh3 46. Bc4 Bc5 47. Bd3 Kh6 48. Bc4 Kg7 49. Bd3 $1 Kf6 50. Bc4 Ba7 51. Nd5+ Kg7 52. Ne3 g5 53. Nc2 $2 (53. Ke2 $17) 53... Bg1 $19 54. Ne3 Bxh2 55. Kf2 h4 56. gxh4 gxh4 57. Ng2 Bg3+ 58. Kf3 f5 {[%emt 0:00:38] aiming for ...Bg4+.} 59. Ne3 {[%emt 0:00:23] [#] Dodges Bg4+} Bb8 $2 (59... Kf6 $1 $19 {And now ...f4 would win.} 60. Bd5 f4) 60. Bf1 $2 (60. Be6 $11) 60... Bxf1 61. Nxf5+ Kf6 62. Nxh4 Kg5 63. Ng2 Ba6 64. Ne3 Bb7+ 65. Ke2 Kf4 66. Nd1 Ke4 67. Kd2 Bf4+ 68. Kc3 Ba6 ({Don't go for} 68... Be5+ $2 69. Kd2 $19) 69. Nb2 Be5+ 70. Kb3 Kd4 71. Kb4 Be2 ({Wrong is} 71... Bd6+ $2 72. Kb3 $19) 72. Na4 (72. Kb3 $19 Bg4 73. Na4) 72... Bd6+ 73. Ka5 Bc7+ 74. Kb4 Bc4 {[%emt 0:00:41] ( -> ...Bd8)} 75. Ka3 Bd6+ {[%emt 0:03:45] Black mates.} 76. Kb2 Kd3 77. Kb1 Bb3 78. Nb2+ Kd2 79. Ka1 Be7 80. Kb1 Bf8 81. Ka1 Kc2 {[%emt 0:00:06] Weighted Error Value: White=0.36/Black=0.33} 0-1

[Event "10th Cherry Blossom Classic 2023"]
[Site "Dulles"]
[Date "2023.05.27"]
[Round "4.13"]
[White "Zhukova, Natalia"]
[Black "Chabris, Christopher"]
[Result "1/2-1/2"]
[ECO "A17"]
[WhiteElo "2324"]
[BlackElo "2053"]
[Annotator "TA"]
[PlyCount "76"]
[EventDate "2023.05.24"]
[EventType "swiss"]
[EventCountry "USA"]
[SourceTitle "playchess.com"]
[Source "ChessBase"]
[SourceQuality "1"]
[TimeControl "5400+30"]

1. Nf3 Nf6 2. c4 e6 3. Nc3 Bb4 4. Qc2 O-O 5. a3 Bxc3 6. Qxc3 b6 7. b4 Bb7 8. Bb2 d6 9. g3 Nbd7 10. Bg2 a6 {[%emt 0:15:06] A17: English Opening: 1...Nf6 with ...Bb4.} 11. O-O c5 12. d3 Rc8 {[%emt 0:10:03] [#]} 13. Qb3 $146 ({Predecessor:} 13. Rfc1 b5 14. Qd2 bxc4 15. dxc4 Ne4 16. Qe3 d5 17. cxd5 Bxd5 18. Ne5 Nxe5 19. Bxe5 Nf6 20. Bxf6 Qxf6 21. Bxd5 exd5 22. bxc5 {1-0 Bernal Moro,L (2428)-Sanchez Aller,F (2299) Albarino op 2006 (4)}) 13... Re8 14. Rab1 Bc6 15. Nd2 d5 16. Bxf6 Nxf6 17. bxc5 dxc4 (17... bxc5 $11 {remains equal.} 18. Qb6 Qd6) 18. Nxc4 $16 {[%emt 0:02:45] aiming for Bxc6.} ({And not} 18. Qxb6 Bxg2 19. Qxd8 Rexd8 $11) 18... Bxg2 19. Kxg2 Rxc5 20. Qxb6 Qd5+ 21. e4 $2 (21. f3 $18) 21... Nxe4 $1 $11 {[%emt 0:02:16] And now ...Nc3+ would win.} 22. Ne3 $1 Qxd3 23. Rfd1 Qxa3 (23... Qe2 $2 24. Rb2 Qh5 25. Rd8 $18) 24. Rd8 {[%emt 0:03:27] [#]} (24. Rd4 $1 $11 Nf6 25. Nc4) 24... Rc8 $1 $17 25. Rxe8+ Rxe8 26. Qc6 {[%emt 0:00:05][%csl LRe4,LRe8] [#]} Nf6 27. Ng4 {[%emt 0:00:03][%mdl 64] Threatens to win with Nxf6+. Deflection} Rd8 28. Qc7 Rf8 29. Nxf6+ gxf6 {[%emt 0:00:08][%mdl 4096] Endgame KQR-KQR} 30. Qf4 Qd3 31. Rb4 (31. Ra1 $142) 31... Qd5+ 32. f3 Rd8 ({Better is} 32... Qg5 $17 {Hoping for ...a5.} 33. Qxg5+ fxg5) 33. Qxf6 $11 {[%emt 0:00:32] The position is equal.} Qd2+ 34. Kh3 {[%emt 0:00:06] White threatens Rg4+ and mate.} Qxb4 35. Qxd8+ Qf8 36. Qg5+ Qg7 37. Qd8+ Qf8 38. Qg5+ Qg7 {[%emt 0:00:04] What a bad dream for Black.   Weighted Error Value: White=0.18 (very precise) /Black=0.17 (very precise)} 1/2-1/2

[Event "10th Cherry Blossom Classic 2023"]
[Site "Dulles"]
[Date "2023.05.27"]
[Round "4.14"]
[White "Paul, Justin"]
[Black "Slade, Theodore"]
[Result "1-0"]
[ECO "C65"]
[WhiteElo "2314"]
[BlackElo "2021"]
[Annotator "TA"]
[PlyCount "81"]
[EventDate "2023.05.24"]
[EventType "swiss"]
[EventCountry "USA"]
[SourceTitle "playchess.com"]
[Source "ChessBase"]
[SourceQuality "1"]
[TimeControl "5400+30"]

1. e4 e5 2. Nf3 Nc6 3. Bb5 Nf6 4. d3 Bc5 5. Bxc6 dxc6 6. Bg5 {[%emt 0:00:43] C65: Ruy Lopez: Berlin Defence (3...Nf6), unusual lines and 4 0-0 Bc5.} Qe7 7. Nbd2 h6 8. Bh4 {[%emt 0:00:38] The position is equal.} Bd6 9. O-O {[%emt 0:07:50] [#]} g5 $146 ({Predecessor:} 9... Bg4 10. h3 Bh5 11. d4 O-O-O 12. Re1 Qe6 13. c4 Bxf3 14. Nxf3 Qxc4 15. dxe5 Bxe5 16. Nxe5 {1-0 Carlsen,M (2855)-Nakamura,H (2736) Meltwater Tour Final rapid 2021 (5.3)}) 10. Bg3 Bg4 11. d4 Nd7 12. Nc4 Bxf3 13. Qxf3 exd4 {[%emt 0:01:12] [#]} 14. e5 $1 Bc5 {[%emt 0:02:08] [#] Strongly threatening ...0-0-0.} (14... Bxe5 $2 15. Bxe5 O-O 16. Bxd4 $18) 15. e6 $1 {[%emt 0:01:29][%mdl 64] Discovered Attack} fxe6 (15... Qxe6 $2 16. Rae1 O-O-O 17. Rxe6 fxe6 18. Qe4 $18) 16. Bxc7 Nb6 17. Bxb6 Bxb6 18. Ne5 $36 {[%emt 0:05:34][%mdl 2048] Ng6 would be deadly. White fights for an advantage.} Rf8 19. Qh5+ Kd8 20. Rae1 Kc7 (20... Qg7 $1 $14) 21. Qxh6 $16 Rh8 22. Qg6 {[%emt 0:00:22] White is more active.} Rag8 23. Qe4 {[%emt 0:06:14] Hoping for Ng6.} Rh4 24. Ng4 Re8 25. g3 Rhh8 26. Re2 Rhf8 27. Rfe1 Qd8 28. Qh7+ Re7 29. Qh6 Ba5 30. Rd1 Rfe8 (30... Ref7 $142 31. Qxe6 Rd7) 31. Qxg5 $18 (31. Nf6 $6 Rf8) 31... Kc8 32. Qe5 Rd7 33. Qf6 ({Much less strong is} 33. Nf6 Bc7 34. Qh5 Rh8 $18) 33... Ree7 (33... Rd6 $142 34. h4 Qxf6 35. Nxf6 Rf8) 34. Rxe6 d3 (34... Rxe6 $142 35. Qxe6 Kb8) 35. Rxd3 {[%emt 0:00:56] aiming for Rxe7. White is clearly winning.} Rxd3 36. cxd3 Bb4 37. Rxe7 Bxe7 38. Qe6+ Kb8 39. Ne5 a6 40. h4 Ka7 41. Qd7 {[%emt 0:00:14] Weighted Error Value: White=0.06 (flawless) /Black=0.29 (precise)} 1-0

[Event "10th Cherry Blossom Classic 2023"]
[Site "Dulles"]
[Date "2023.05.27"]
[Round "4.15"]
[White "Ling, Evan"]
[Black "Marjanovic, Annamaria"]
[Result "0-1"]
[ECO "A90"]
[WhiteElo "1952"]
[BlackElo "2273"]
[Annotator "TA"]
[PlyCount "92"]
[EventDate "2023.05.24"]
[EventType "swiss"]
[EventCountry "USA"]
[SourceTitle "playchess.com"]
[Source "ChessBase"]
[SourceQuality "1"]
[TimeControl "5400+30"]

1. d4 f5 2. g3 Nf6 3. Bg2 e6 4. Nf3 d5 5. O-O Bd6 6. c4 c6 7. Qc2 O-O 8. Bf4 Bxf4 9. gxf4 Ne4 10. e3 {[%emt 0:01:29] has lost popularity (10.Nc3). A90: Dutch Defence: Miscellaneous and Modern Stonewall (with ...Bd6).} Rf6 11. Nbd2 Nd7 12. Rfc1 {[%emt 0:06:37] [#] White has an edge.} Nf8 $146 ({Predecessor:} 12... Rh6 13. b4 Ndf6 14. Ne5 Nxd2 15. Qxd2 Nd7 16. cxd5 Nxe5 17. dxe5 cxd5 18. Qc3 Bd7 19. Qc7 {1-0 Goodman,C-Balacco,G IECC T127405 2015}) 13. Ne5 Rh6 14. Nf1 Bd7 15. c5 Be8 16. f3 Nf6 17. b4 N6d7 18. Nd3 Ng6 19. a4 Nh4 20. Ng3 g5 21. fxg5 Qxg5 22. f4 Qg7 23. Bh1 Bh5 (23... Nf6 {simplifies} 24. Ne5 Ng4 25. Nxg4 fxg4 26. Qf2 Bg6) 24. Qf2 {[%emt 0:03:23] Inhibits Bf3.} (24. Kf2 $11) 24... Kh8 25. b5 Nf6 $1 {[%emt 0:03:25] Strongly threatening ...Ng4.} 26. Ne5 Ne4 27. Bxe4 (27. Qe1 $1 $11 {keeps the balance.}) 27... fxe4 $17 28. bxc6 (28. Kf1 $17 {is a better defense.}) 28... bxc6 $19 29. a5 $2 {[%emt 0:06:04] This costs White the game.} (29. Nxc6 $2 {too greedy.} Nf3+ 30. Kh1 Bg4 $19) (29. Rcb1 $17) 29... Nf3+ 30. Nxf3 Bxf3 {[%emt 0:00:39] White is weak on the light squares} 31. a6 $2 (31. Kf1 Rg8 32. Ke1) 31... Rg6 32. Rcb1 (32. Kf1 $142 h5 33. Ke1) 32... h5 33. Rb7 Qf6 $2 (33... Qh6 {Threatens to win with ...h4.} 34. Kf1 h4) 34. Rab1 (34. Kf1 $142 h4 35. Ke1 (35. Ne2 $2 Rag8 $19)) 34... h4 {[%emt 0:00:40][%mdl 64] Pin} 35. Rb8+ Rxb8 36. Rxb8+ {[%emt 0:00:02] [#]} Kh7 $1 37. Qb2 $2 (37. Rb7+ Rg7 {[%mdl 64] Pin} 38. Kf1 hxg3 39. Qxg3) 37... hxg3 38. h3 {[%emt 0:00:04] [#]} Rh6 $1 {[%emt 0:01:14] Black mates.} 39. Rb7+ Kg6 40. f5+ exf5 41. Rb8 Rxh3 42. Rg8+ Kh6 43. Rxg3 Rxg3+ 44. Kf1 Qh4 45. Qg2 Bxg2+ 46. Ke2 Bf3+ {[%emt 0:00:11] Weighted Error Value: White=0.66/Black=0.26 (precise)} 0-1